[Event "44th Chess Olympiad Open 2022"]
[Site "Chennai"]
[Date "2022.08.02"]
[Round "5.78"]
[White "Bobby Ballah"]
[Black "Koumba, Mounguen Jose Evrard"]
[Result "1-0"]
[ECO "A01"]
[WhiteElo "1916"]
[BlackElo "1942"]
[Annotator "TA"]
[PlyCount "57"]
[EventDate "2022.07.29"]
[EventType "team-tourn"]
[EventCountry "IND"]
[SourceTitle "playchess.com"]
[Source "ChessBase"]
[SourceQuality "1"]
[WhiteTeam "Liberia"]
[BlackTeam "Gabun"]
[WhiteTeamCountry "LBR"]
[BlackTeamCountry "GAB"]
[TimeControl "40/5400+30:1800+30"]

1. b3 e5 2. Bb2 Nc6 3. Nc3 d5 4. e3 Nf6 5. Qe2 {[%emt 0:01:03] [#]} Be6 $146 ({Predecessor:} 5... Bf5 6. O-O-O a6 7. f3 Bd6 8. g4 Be6 9. h4 Qe7 10. h5 Ba3 11. g5 Bxb2+ 12. Kxb2 {½-½ (69) Redzepovic,S-Kojic,S Andrijevica 2012}) 6. O-O-O {[%emt 0:00:55] A01: Nimzowitsch-Larsen Opening.} ({Reject} 6. Qb5 a6 7. Qe2 (7. Qxb7 $2 Na5 $19) 7... Bc5 $17) 6... a6 7. Nf3 e4 8. Ng1 {[%emt 0:05:22] Black has an edge.} Bd6 9. f3 Qe7 10. Kb1 Ba3 11. Ba1 O-O ({Better is} 11... a5 $17 12. Nh3 a4) 12. h3 (12. Nh3 $11) 12... Qb4 (12... a5 $17 {[%cal Oa5a4] White must now prevent ...a4!} 13. fxe4 Nxe4) 13. g4 (13. Qe1 $11 {remains equal.}) 13... d4 (13... Rfd8 $17) 14. Nxe4 $14 Nxe4 15. fxe4 {[%emt 0:00:30] Strongly threatening Nf3.} Rfd8 $1 {[%emt 0:00:28][%cal Od4d3] Hoping for ...d3!} 16. Nf3 $2 (16. exd4 $11 Nxd4 17. Qe3) 16... d3 $1 $19 17. Qf2 Na5 18. Bxd3 {[%emt 0:25:14] [#]} (18. Rc1 Bxc1 19. Bxd3) 18... Rxd3 $1 19. Nd4 {[%emt 0:00:09] [#]} (19. c3 Qb5) 19... Nxb3 $1 20. cxb3 {[%emt 0:06:15] [#]} c5 $2 ({Black should try} 20... Bxb3 $1 $19 21. Bc3 Rxc3 22. dxc3 Bc2+ 23. Kxc2 Qb2+ 24. Kd3 Qxf2) 21. Bc3 $11 Qb6 22. Nxe6 Qxe6 (22... fxe6 $11 23. Rhf1 Qc7) 23. Qf5 $14 Qb6 (23... Qe7 $14) 24. Rhf1 $18 Rf8 25. Kc2 Qb5 {[%emt 0:05:59] [#]} (25... Rdd8 $16 26. d3 Qc6) 26. e5 $2 $40 {[%emt 0:04:24][%mdl 128] White has strong attack.} (26. Bxg7 $1 $18 {[%mdl 512] is more deadly. White wants to mate with Qg5.} Rd7 {[#]} 27. e5 $1) 26... c4 $2 (26... Rd5 $16 {was necessary.}) 27. e6 {[%emt 0:01:43][%cal Be5e6,Be6f7][%mdl 32] Dancing on a razor blade.} Rd5 $2 (27... Qxf5 $18 28. gxf5 (28. Rxf5 fxe6 29. Rxf8+ Bxf8 $18) 28... b5) 28. exf7+ Kh8 {[%emt 0:00:05] [#]} 29. Bxg7+ $1 {[%emt 0:00:13][%mdl 512] Weighted Error Value: White=1.02/Black=0.94} 1-0

[Event "44th Chess Olympiad Open 2022"]
[Site "Chennai"]
[Date "2022.08.02"]
[Round "5.82"]
[White "Marie, Patrick"]
[Black "Elvis Havyarimana"]
[Result "0-1"]
[ECO "E01"]
[WhiteElo "1921"]
[BlackElo "1724"]
[Annotator "TA"]
[PlyCount "126"]
[EventDate "2022.07.29"]
[EventType "team-tourn"]
[EventCountry "IND"]
[SourceTitle "playchess.com"]
[Source "ChessBase"]
[SourceQuality "1"]
[WhiteTeam "Mauritius"]
[BlackTeam "BDI"]
[WhiteTeamCountry "MRI"]
[TimeControl "40/5400+30:1800+30"]

1. d4 e6 2. c4 d5 3. Nf3 Nf6 4. g3 dxc4 5. Qa4+ Nc6 6. Qxc4 {[%emt 0:00:13] E01: Catalan: Early deviations.} Bd6 7. Bg2 O-O 8. Bg5 {[%emt 0:01:46] [#] The position is equal.} h6 $146 ({Predecessor:} 8... e5 9. dxe5 Nxe5 10. Nxe5 Bxe5 11. Nc3 c6 12. O-O Be6 13. Qc5 Bd4 14. Qa3 Qb6 {0-1 (25) Kopylov,L (2156)-Kosteniuk,A (2530) Germany 2015}) 9. Bd2 Re8 10. Nc3 a6 11. O-O e5 12. d5 Ne7 13. e4 c6 (13... b5 $5 14. Qd3 b4 $15) 14. Rfd1 (14. dxc6 $11 Be6 15. Qe2) 14... cxd5 15. Nxd5 Nexd5 16. exd5 Bg4 {[%emt 0:02:52] [#] Strongly threatening ...e4.} 17. Re1 Qd7 (17... Rc8 $17 18. Qb3 e4) 18. Bc3 $1 $15 Rac8 $36 {[%emt 0:03:47][%mdl 2048] Black is pushing.} 19. Qb3 e4 (19... Bxf3 $15 20. Bxf3 Qf5) 20. Bxf6 $4 {[%emt 0:00:46][%mdl 8192] Now White is beyond hope.} (20. Nd2 $14 {was forced to keep a grip.}) 20... exf3 $19 ({Weaker is} 20... gxf6 21. Nd2 $11) 21. Bxf3 Bxf3 22. Qxf3 gxf6 23. Qxf6 Bf8 24. Red1 (24. Rxe8 {is a better defense.} Rxe8 25. Qf3) 24... Bg7 25. Qf4 Rc5 26. Qf3 Rd8 27. Rac1 Rxd5 28. Rxd5 Qxd5 29. Qxd5 Rxd5 {[%emt 0:00:15][%mdl 4096] Endgame KRB-KR} 30. Rc8+ Bf8 ({But not} 30... Kh7 $2 31. Rc2 $19) 31. Rc7 b6 32. Rc2 Bc5 33. Kg2 Kg7 34. g4 h5 35. h3 hxg4 36. hxg4 f5 37. f3 (37. gxf5 $142 Kf6 38. Kf3) 37... fxg4 38. fxg4 Rd3 39. a3 (39. Kf1 $142) 39... a5 40. b4 axb4 41. axb4 Bxb4 42. Rc7+ Kg6 43. Rc6+ Rd6 44. Rc8 Kg5 45. Kf3 Rf6+ 46. Ke4 Kxg4 47. Rg8+ Kh5 48. Kd5 Bc5 {[%emt 0:00:07] [#] ( -> ...Rf5+)} 49. Kc4 Rg6 50. Re8 Kg5 51. Kb5 Kf5 52. Re1 Re6 53. Rf1+ Ke5 {[%emt 0:00:01] Black mates.} 54. Re1+ Kd6 55. Rd1+ Kc7 56. Kc4 Kc6 57. Kb3 Re4 58. Rh1 Re3+ 59. Kc2 Kd5 60. Rh4 Bd4 61. Rh5+ Kc4 62. Rh1 Re2+ 63. Kb1 b5 {[%emt 0:01:37] Weighted Error Value: White=0.81/Black=0.24 (precise)} 0-1